 Dungeon Crawl Stone Soup version 0.31.0-9-g3a7656b989 (webtiles) character file.

Game seed: 5903127165007857984

88 qw the Shooter (level 4, -2/25 HPs)
             Began as a Deep Elf Hunter on Feb 2, 2024.
             Slain by Robin
             ... wielding a +0 trident
              (5 damage)
             ... on level 3 of the Dungeon.
             The game lasted 00:00:08 (2165 turns).

qw the Shooter (Deep Elf Hunter)                    Turns: 2165, Time: 00:00:09

Health: -2/25      AC: 10    Str: 10    XL:     4   Next: 30%
Magic:  6/6        EV: 11    Int: 16    God:
Gold:   100        SH:  0    Dex: 16    Spells: 3/3 levels left

rFire   . . .        a - +0 shortbow
rCold   . . .        (shield currently unavailable)
rNeg    . . .        b - +3 ring mail
rPois   .            c - +1 helmet of the Sun {+Blink Fly Int+2 Dex-2}
rElec   .            (no cloak)
rCorr   .            (no gloves)
SInv    .            (no boots)
Will    .....        (no amulet)
Stlth   +            (no ring)
HPRegen 0.24/turn    (no ring)
MPRegen 0.10/turn

%: no passive effects
@: flying
A: no striking features
a: Evoke Blink


You were on level 3 of the Dungeon.
You visited 1 branch of the dungeon, and saw 3 of its levels.

You collected 100 gold pieces.


   Skills:
 - Level 1.5 Fighting
 + Level 7.7 Ranged Weapons
 - Level 2.4 Dodging
 - Level 1.2 Stealth


You had 3 spell levels left.
You didn't know any spells.
Your spell library was empty.

Inventory:

Hand Weapons
 a - a +0 shortbow (weapon)
Armour
 b - a +3 ring mail (worn)
 c - the +1 helmet of the Sun (worn) {+Blink Fly Int+2 Dex-2}
   (You acquired it on level 2 of the Dungeon)

   Int+2:     It affects your intelligence (+2).
   Dex-2:     It affects your dexterity (-2).
   Fly:       It grants you flight.
   +Blink:    It lets you blink.
Scrolls
 d - a scroll of identify
Potions
 g - a potion of curing
 i - a potion of might {unknown}

Dungeon Overview and Level Annotations

Branches:
Dungeon (3/15)

Altars:

Shops:
D:2 (

Annotations:
D:3 Robin


Message History

Robin throws the goblin at you! The goblin misses you.
The goblin hits you but does no damage. The goblin barely misses you.
You shoot an arrow. The arrow closely misses the goblin.
Robin misses you. The goblin barely misses you.
The goblin hits you but does no damage. The goblin completely misses you.
The goblin barely misses you. Robin closely misses you.
The goblin barely misses you. x2; The goblin hits you with a +0 club.
The goblin hits you but does no damage.
You shoot an arrow. The arrow completely misses the goblin.
Robin barely misses you. The goblin closely misses you.
The goblin barely misses you. The goblin closely misses you.
The goblin hits you with a +0 club.
You shoot an arrow. The arrow hits the goblin.
You kill the goblin!
Robin hits you from afar with a +0 trident.
The goblin hits you with a +0 club. The goblin hits you but does no damage.
The goblin barely misses you.
You shoot an arrow. The arrow hits the goblin.
The goblin is severely wounded.
Robin throws the goblin at you! The goblin barely misses you.
The goblin completely misses you. The goblin hits you with a +0 club.
You shoot an arrow. The arrow closely misses the goblin.
Robin hits you but does no damage. The goblin completely misses you.
The hobgoblin closely misses you. The goblin closely misses you. x2
You shoot an arrow. The arrow hits the goblin!
You kill the goblin!
Robin hits you but does no damage. The goblin hits you but does no damage.
The hobgoblin closely misses you. The goblin hits you but does no damage.
You shoot an arrow. The arrow hits the goblin.
The goblin is severely wounded.
Robin barely misses you. The goblin closely misses you.
The hobgoblin hits you but does no damage.
The hobgoblin barely misses you. The goblin hits you but does no damage.
You shoot an arrow. The arrow hits the goblin.
You kill the goblin!
The hobgoblin no longer looks unusually strong.
Robin says, "A pitiful Elf like you will never find the ORB!"
Robin hits you from afar with a +0 trident.
You die...
Robin calls out, "Let's celebrate!
Time for a feast!"

#.#.........#....######.##.######
#.#.###.#######..#..# #.##.....##
#.......# #.....###....###.##
###.##### ##.#.............## #.#
#.#..##.......#### #.#
..#.......#...#### #.#
#####.##...###..... #.#
#.)..##...# #..#.# #.#
#@#####...# #..#.# #.#
....)gggg..##...# #....# #.###
....).!....##...# #.....
#...#######.......###### ###...
###.#.....#.......# #...
#.......#.......##### #...
#.......#.......#...# #...
#.......#########...# #...
#...............'...# #...


You could see Robin, 2 hobgoblins and a goblin (strong).

Vanquished Creatures
  2 adders (D:2)
  3 dart slugs
  3 ribbon worms
  8 ball pythons
  7 endoplasms
  A giant cockroach (D:1)
  11 goblins
  3 hobgoblins
  2 jackals (D:2)
  A quokka (D:1)
  7 bats
  A frilled lizard (D:1)
  3 kobolds (D:2)
  A rat (D:2)
53 creatures vanquished.

Notes
Turn   | Place    | Note
-------+----------+-------------------------------------------
     0 | D:1      | qw the Deep Elf Hunter began the quest for the Orb.
     0 | D:1      | Reached XP level 1. HP: 12/12 MP: 3/3
     0 | D:1      | 0 ||| qw: Version: 0.3-a-155-g5e7d8dd
     0 | D:1      | 0 ||| qw: Game counter: 927
     0 | D:1      | 0 ||| qw: Melee chars always use a shield: true
     0 | D:1      | 0 ||| qw: God list: Okawaru
     0 | D:1      | 0 ||| qw: Allow faded altars: false
     0 | D:1      | 0 ||| qw: Do Orc after clearing Dungeon:15 true
     0 | D:1      | 0 ||| qw: Do second Lair branch before Depths: true
     0 | D:1      | 0 ||| qw: Lair rune preference: random
     0 | D:1      | 0 ||| qw: Goals: Normal
     0 | D:1      | 0 ||| PLANNING D:1-11
   144 | D:1      | Reached XP level 2. HP: 16/16 MP: 4/4
   181 | D:1      | Reached skill level 6 in Ranged Weapons
   408 | D:1      | Reached XP level 3. HP: 20/20 MP: 5/5
   416 | D:1      | Found a faded altar of an unknown god.
   606 | D:1      | You fall into a shaft and drop 1 floor!
   609 | D:2      | Found Xydo's Antique Weapon Boutique.
   629 | D:2      | 629 ||| SHOPLISTING warped arbalest (199 gold, have 18).
   646 | D:2      | 646 ||| READING scroll labelled BIUQAVO ZUHOKK.
   747 | D:2      | 747 ||| READING scroll labelled AFRICU BOPNYCVU.
   801 | D:2      | 801 ||| DROPPING scroll of butterflies.
   939 | D:1      | Reached skill level 7 in Ranged Weapons
  1399 | D:2      | Reached XP level 4. HP: 10/25 MP: 6/6
  1625 | D:2      | 1625 ||| UPGRADING to +3 ring mail.
  1635 | D:2      | 1635 ||| DROPPING +0 leather armour.
  1636 | D:2      | 1636 ||| READING scroll labelled LOSSAO NOMAYMPE.
  1636 | D:2      | Identified a scroll of acquirement
  1636 | D:2      | 1636 ||| ACQUIRING +1 helmet of the Sun {+Blink Fly Int+2
                  | Dex-2}
  1636 | D:2      | Acquired the +1 helmet of the Sun {+Blink Fly Int+2 Dex-2}
  1638 | D:2      | 1638 ||| UPGRADING to +1 helmet of the Sun {+Blink Fly
                  | Int+2 Dex-2}.
  1643 | D:2      | 1643 ||| READING scroll labelled UXZIARIMUJ.
  1643 | D:2      | 1643 ||| IDENTIFYING lumpy puce potion
  1644 | D:2      | 1644 ||| READING scroll labelled REUR ID ATZOECLO.
  1645 | D:2      | 1645 ||| DRINKING 2 purple potions.
  1646 | D:2      | 1646 ||| DROPPING potion of brilliance.
  2147 | D:3      | Noticed Robin
  2159 | D:3      | HP: 6/25 [goblin/+0 club[Robin] (5)]
  2161 | D:3      | HP: 2/25 [goblin/+0 club[Robin] (2)]
  2165 | D:3      | Slain by Robin

Levels and vault maps discovered:
D:1:      shiori_arrival_elements, layout_loops_ring,
          shapermc_ecumenical_altar_mp_urbaneastern, st_stairs_8
D:2:      layout_basic, serial_shops, shop, nrook_mini_vaults
D:3:      layout_basic, uniq_robin

Skill      XL: |  1  2  3 |
---------------+----------+-----
Ranged Weapons | 6 7 |  7.7
Fighting       | |  1.5
Dodging        | |  2.4
Stealth        | |  1.2

Action                     |  1- 3 |  4- 6 || total
---------------------------+-------+-------++-------
   Fire: Shortbow          |   111 |    49 ||   160
    Use: Scroll            |     2 |     3 ||     5
         Potion            |       |     1 ||     1
 Armour: Leather armour    |    20 |     1 ||    21
         Ring mail         |       |    39 ||    39
  Dodge: Dodged            |    10 |    39 ||    49

Table legend:
 A = Non-vault XP
 B = Vault XP
 C = Vault XP percentage of total XP
 D = Non-vault monster count
 E = Vault monster count
 F = Vault count percentage of total count
                 A         B        C        D         E       F
            +---------+---------+-------+---------+---------+-------
      Total |     110 |      19 |  14.7 |      43 |      10 |  18.9
            +---------+---------+-------+---------+---------+-------
        D:1 |      42 |       4 |   8.7 |      21 |       2 |   8.7
        D:2 |      62 |       0 |   0.0 |      19 |       0 |   0.0
        D:3 |       6 |      15 |  71.4 |       3 |       8 |  72.7
            +---------+---------+-------+---------+---------+-------
